 Dungeon Crawl Stone Soup version 0.30-a0-782-ge64f9170bb (webtiles) character file.

Game seed: 1709306935649110394

29 tilp the Shield-Bearer (level 3, 0/33 HPs)
             Began as a Meteoran Fighter on Mar 15, 2023.
             Slain by an orc
             ... wielding a +0 trident
              (1 damage)
             ... on level 3 of the Dungeon.
             The game lasted 00:01:46 (423 turns).

tilp the Shield-Bearer (Meteoran Fighter)            Turns: 423, Time: 00:01:47

Health: 0/33       AC:  6    Str: 17    XL:     3   Next: 52%
Magic:  4/4        EV:  9    Int: 10    God:
Gold:   44         SH:  5    Dex: 15    Spells: 2/2 levels left

rFire   . . .      SeeInvis .    a - +0 long sword
rCold   . . .      Faith    .    c - +0 buckler
rNeg    . . .      Spirit   .    b - +0 scale mail
rPois   .          Reflect  .    (no helmet)
rElec   .          Harm     .    (no cloak)
rCorr   .          Rampage  .    (no gloves)
Will    .....                    (no boots) Stlth
                                 (no amulet)
HPRegen 0.25/turn                (no ring)
MPRegen 0.09/turn                (no ring)

@: glowing
A: sense surroundings 1, otherworldly, glowing, explore regen
a: no special abilities


You were on level 3 of the Dungeon.
You visited 1 branch of the dungeon, and saw 3 of its levels.

You collected 44 gold pieces.

Inventory:

Hand Weapons
 a - a +0 long sword (weapon)
Missiles
 e - 19 stones (quivered)
 j - 6 curare-tipped darts
Armour
 b - a +0 scale mail (worn)
 c - a +0 buckler (worn)
Scrolls
 g - 2 scrolls of identify {unknown}
 i - a scroll of fear {unknown}
 k - a scroll of enchant armour {unknown}
 l - a scroll of fog {unknown}
Potions
 d - a potion of might
 f - 2 potions of magic {unknown}
 h - a potion of curing {unknown}


   Skills:
 + Level 3.6 Fighting
 * Level 3.5 Long Blades
 - Level 3.6 Armour
 + Level 1.3 Dodging
 - Level 3.6 Shields


You had 2 spell levels left.
You didn't know any spells.
Your spell library was empty.

Dungeon Overview and Level Annotations

Branches:
Dungeon (3/15) Zot: 1348

Altars:


Innate Abilities, Weirdness & Mutations

You passively map a small area around you.
You are easily found by Zot.
You glow in the dark.
You regain HP and MP as you explore.


Message History

You block the orc's attack. The orc barely misses you.
You closely miss the orc. The orc completely misses you.
The orc hits you with a +0 trident.
You slash the worm!
The worm is severely wounded.
The orc closely misses you. The worm bites you but does no damage.
You hit the worm.
The worm is severely wounded.
The orc hits you with a +0 trident!
You are too injured to fight recklessly!
You are too injured to fight recklessly!
You are too injured to fight recklessly!
You are too injured to fight recklessly!
You are too injured to fight recklessly!
You hit the worm but do no damage.
The worm is severely wounded.
The orc hits you with a +0 trident. The worm misses you.
The orc hits you with a +0 trident.
You slash the worm!
You kill the worm!
You block the orc's attack.
You barely miss the orc. The orc hits you with a +0 trident.
You barely miss the orc. The orc hits you but does no damage.
You closely miss the orc. The orc hits you with a +0 trident!
* * * LOW HITPOINT WARNING * * *
You barely miss the orc. You block the orc's attack.
The orc hits you but does no damage.
You closely miss the orc. The orc hits you with a +0 trident.
* * * LOW HITPOINT WARNING * * *
You closely miss the orc. The orc barely misses you.
You hit the orc.
The orc is heavily wounded.
The orc closely misses you.
You closely miss the orc.
The orc is heavily wounded.
The orc hits you with a +0 trident.
* * * LOW HITPOINT WARNING * * *
The orc hits you with a +0 trident.
You die...

#.##)# #.......###
#.##.# #..........
#.##.# #.......###
* **
#.##.#####.......#
, *
#.#..............#
* ...###.#..#
#######.### * *
#........# #.#
....####.<##,* .##
.., * #.@# , * ,
.......o# * ,
..####..., * , ,,
..... , , ,,
*..".... ,,*
#..>..... , ,
#....?)... , , ,
,, , ##.#....... *
, ,


You could see an orc.

Vanquished Creatures
  A worm (D:3)
  A bat (D:1)
  2 endoplasms (D:1)
  A giant cockroach (D:1)
  3 hobgoblins
  3 jackals (D:2)
  2 quokkas
  5 ball pythons
  3 kobolds
  3 rats (D:1)
24 creatures vanquished.

Notes
Turn   | Place    | Note
-------+----------+-------------------------------------------
     0 | D:1      | tilp the Meteoran Fighter began the quest for the Orb.
     0 | D:1      | Reached XP level 1. HP: 19/19 MP: 2/2
   205 | D:1      | Reached XP level 2. HP: 25/26 MP: 3/3
   250 | D:1      | Reached skill level 1 in Dodging
   340 | D:3      | Reached XP level 3. HP: 31/31 MP: 4/4
   423 | D:3      | HP: 1/33 [orc/+0 trident (4)]
   423 | D:3      | Slain by an orc

Illustrated notes

Levels and vault maps discovered:
D:1:      co_arrival_square_in_a_square_in_a_square, layout_loops_ring,
          basic_ecumenical_altar
D:2:      layout_rooms
D:3:      wad_pebble_path, layout_loops_ring, marbit_many_paths, moated_statue

Skill      XL: |  1  2 |
---------------+-------+-----
Long Blades    | 3 |  3.5
Dodging        | 1 |  1.3
Fighting       | |  3.6
Armour         | |  3.6
Shields        | |  3.6

Action                     || total
---------------------------++-------
  Melee: Long sword        ||    95
 Armour: Scale mail        ||    48
  Dodge: Dodged            ||    42
  Block: Buckler           ||    27

Table legend: (Time is in decaauts)
 A = Elapsed time spent in this place.
 B = Non-inter-level travel time spent in this place.
 C = Inter-level travel time spent in this place.
 D = Time resting spent in this place.
 E = Time spent auto-exploring this place.
 F = Levels seen in this place.
 G = Mean time per level.
                   A        B        C        D        E       F      G
               +--------+--------+--------+--------+--------+-----+--------+
         Total |    450 |    442 |      8 |      0 |      0 |   3 |  150.0 |
       Dungeon |    450 |    442 |      8 |      0 |      0 |   3 |  150.0 |
               +--------+--------+--------+--------+--------+-----+--------+

Top non-repeatable levels by time:
     D:1: 294 daAuts
     D:2: 79 daAuts
     D:3: 76 daAuts
